 Dungeon Crawl Stone Soup version 0.20-a0-899-g09a9bfb (webtiles) character file.

36 Goblin1989 the Slasher (level 3, -5/29 HPs)
             Began as a Demonspawn Monk on Mar 18, 2017.
             Slain by a gnoll
             ... wielding a +0 spear
              (6 damage)
             ... on level 2 of the Dungeon.
             The game lasted 00:02:10 (841 turns).

Goblin1989 the Slasher (Demonspawn Monk)             Turns: 841, Time: 00:02:11

Health: -5/29      AC:  2    Str: 12    XL:     3   Next: 19%
Magic:  3/3        EV: 13    Int: 11    God:
Gold:   71         SH:  0    Dex: 15    Spells: 2/2 levels left

rFire    . . .     SeeInvis .   a - +0 falchion
rCold    . . .     Gourm    .   b - +0 robe
rNeg     . . .     Faith    .   (no shield)
rPois    .         Spirit   .   (helmet restricted)
rElec    .         Reflect  .   (no cloak)
rCorr    .         Harm     .   (no gloves)
MR       .....                  (no boots)
Stlth    ++........             (no amulet)
Regen    0.1/turn               (no ring)
MPRegen  0.1/turn               (no ring)

@: no status effects
A: antennae 1
a: no special abilities


You were on level 2 of the Dungeon.
You were not hungry.

You visited 1 branch of the dungeon, and saw 2 of its levels.

You collected 71 gold pieces.

Inventory:

Hand Weapons
 a - a +0 falchion (weapon)
Armour
 b - a +0 robe (worn)
Scrolls
 c - a scroll of teleportation {unknown}
 g - 2 scrolls of identify {unknown}
 h - a scroll of fear {unknown}
 j - a scroll of fog {unknown}
 k - a scroll of recharging {unknown}
Potions
 f - 2 potions of cancellation {unknown}
 i - 2 potions of heal wounds {unknown}
Comestibles
 e - a bread ration {@e1}


   Skills:
 - Level 3.0 Fighting
 + Level 3.9 Long Blades
 - Level 2.6 Dodging
 - Level 1.7 Stealth


You had 2 spell levels left.
You didn't know any spells.

Dungeon Overview and Level Annotations

Branches:
Dungeon (2/15)

Altars:


Innate Abilities, Weirdness & Mutations

You have a pair of small antennae on your head.


Message History

Sorry, you're not good enough to have a special ability.
Sorry, you're not good enough to have a special ability.
Sorry, you're not good enough to have a special ability.
Sorry, you're not good enough to have a special ability.
You hit the goblin.
The goblin is severely wounded.
The goblin closely misses you.
You hit the goblin.
You kill the goblin!
You see here a goblin corpse.
You see here a goblin corpse.
You butcher the goblin corpse.
d - 5 chunks of flesh (gained 1)
You see here a goblin skeleton.
You start resting.
Some of the chunks of flesh in your inventory have rotted away.
HP restored.
Health restored: 24 Saving game... please wait.
Welcome back, Goblin1989 the Demonspawn Monk.
Press ? for a list of commands and other information.
You now have 61 gold pieces (gained 5).
Found a stone staircase leading down.
k - a scroll labeled VIR YKUAVOLU
i - 2 pink potions (gained 1)
You see here a scale mail.
Some of the chunks of flesh in your inventory have rotted away.
Some of the chunks of flesh in your inventory have rotted away.
You now have 71 gold pieces (gained 10).
All of the chunks of flesh in your inventory have rotted away.
There is an open door here.
Key pressed, stopping explore.
There is an open door here.
Done exploring.
Done exploring.
(D) Dungeon
Where to? (? - help)
There is an open door here.
There is an open door here.
There is a stone staircase leading down here.
You climb downwards.
There is a stone staircase leading up here.
Unknown command.
Unknown command.
A gnoll comes into view. It is wielding a spear.
A gnoll comes into view. It is wielding a flail.
The gnoll shouts!
The gnoll moves out of view.
A gnoll comes into view. It is wielding a club.
The gnoll closely misses you.
You barely miss the gnoll. The gnoll barely misses you.
You riposte.
The gnoll shouts!
You hit the gnoll.
The gnoll is lightly wounded.
You hit the gnoll but do no damage.
The gnoll is lightly wounded.
The gnoll misses you.
You riposte.
You hit the gnoll but do no damage.
The gnoll is lightly wounded.
You hit the gnoll.
The gnoll is heavily wounded.
The gnoll hits you with a club.
You take 1 damage, and have 23/24 hp.
You hit the gnoll.
The gnoll is moderately wounded.
The gnoll hits you with a flail. The gnoll hits you but does no damage.
You take 6 damage, and have 17/24 hp.
MASSIVE DAMAGE!!
You barely miss the gnoll.
The gnoll is moderately wounded.
The gnoll closely misses you. The gnoll misses you.
You hit the gnoll.
The gnoll is severely wounded.
The gnoll misses you. The gnoll hits you but does no damage.
You hit the gnoll.
You kill the gnoll!
You have reached level 3!
Your experience leads to an increase in your attributes!
Increase (S)trength, (I)ntelligence, or (D)exterity?
You feel stronger. The gnoll misses you.
You riposte.
You barely miss the gnoll.
The gnoll is heavily wounded.
You regained 4 hp, and now have 22/29 hp.
MP restored: 3 You barely miss the gnoll.
The gnoll is heavily wounded.
The gnoll closely misses you.
You closely miss the gnoll.
The gnoll is heavily wounded.
The gnoll hits you with a flail.
You take 6 damage, and have 16/29 hp.
MASSIVE DAMAGE!!
You closely miss the gnoll.
The gnoll is heavily wounded.
The gnoll hits you with a flail.
* * * LOW HITPOINT WARNING * * *
You take 3 damage, and have 13/29 hp.
You barely miss the gnoll.
The gnoll is heavily wounded.
The gnoll hits you with a flail!
* * * LOW HITPOINT WARNING * * *
The gnoll hits you from afar with a spear.
You die...

..█
██████.█
█...<█.█
█.████.█
█.█ █.█
█.█ █.█
█.█


█g█ █.█ █)█ █.████@█ █.....g█ ████████ You could see 2 gnolls.

Vanquished Creatures
  A gnoll (D:2)
  An ooze (D:1)
  A dart slug (D:1)
  A leopard gecko (D:1)
  2 goblins (D:1)
  4 hobgoblins (D:1)
  3 jackals (D:1)
  2 kobolds (D:1)
  A bat (D:1)
  A frilled lizard (D:1)
  A rat (D:1)
18 creatures vanquished.

Notes
Turn   | Place    | Note
-------+----------+-------------------------------------------
     0 | D:1      | Goblin1989 the Demonspawn Monk began the quest for the Orb.
     0 | D:1      | Reached XP level 1. HP: 18/18 MP: 1/1
    66 | D:1      | Gained mutation: You have a pair of small antennae on your head. [demonic ancestry]
    66 | D:1      | Reached XP level 2. HP: 20/24 MP: 2/2
   837 | D:2      | Reached XP level 3. HP: 21/29 MP: 3/3
   841 | D:2      | HP: 1/29 [gnoll/flail (12)]
   841 | D:2      | Slain by a gnoll

Vault maps used:
D:1:      dpeg_arrival_tiny_a
D:2:      kennysheep_six_static_rooms

Skill      XL: |  1 |
---------------+----+-----
Long Blades    | 3 |  3.9
Fighting       | |  3.0
Dodging        | |  2.6
Stealth        | |  1.7

Action                   || total
-------------------------++-------
Melee: Falchion          ||    58
 Stab: Sleeping          ||     4
Armor: Robe              ||     9
Dodge: Dodged            ||    34
       Rpst.: Falchion   ||    10

Vault maps used:
D:1:      dpeg_arrival_tiny_a
D:2:      kennysheep_six_static_rooms
